 Dungeon Crawl Stone Soup version 0.17.0-23-g0de4337 (webtiles) character file.

9255 JudasIscariot the Blocker (level 11, -22/86 HPs)
             Began as a Demonspawn Fighter on Nov 14, 2015.
             Was a High Priest of Makhleb.
             Killed from afar by a balrug (27 damage)
             ... with a bolt of fire
             ... summoned by the player character
             ... on level 11 of the Dungeon.
             The game lasted 00:27:41 (7781 turns).

JudasIscariot the Blocker (Demonspawn Fighter)      Turns: 7781, Time: 00:27:41

Health: -22/86     AC: 18    Str: 26    XL:     11   Next: 20%
Magic:  15/15      EV:  9    Int:  9    God:    Makhleb [*****.]
Gold:   1128       SH: 13    Dex: 19    Spells: 0 memorised, 10 levels left

rFire  . . .     SeeInvis .     Q - +5 whip of Mastery {pain, +Fly rC+ Str+2}
rCold  + + +     Clarity  .     J - +7 chain mail of Lopaczoih {rC+ Str+4 Dex+3}
rNeg   . . .     SustAt   .     c - +0 shield
rPois  .         Gourm    .     (helmet unavailable)
rElec  .         Spirit   .     (no cloak)
rCorr  .         Warding  .     (no gloves)
rMut   .         Rnd*Tele +     (no boots)
MR     .....                    y - amulet of faith
Stlth  ..........               K - ring "Yvuizekk" {*Confuse rC+ Dex+3 Stlth+}
                                S - ring of teleportation

@: not resistant to hostile enchantments, extremely unstealthy
A: horns 3, repulsion field 1, spiny 3
a: Minor Destruction, Lesser Servant of Makhleb, Major Destruction, Greater
Servant of Makhleb, Renounce Religion, Evoke Flight, Evoke Teleportation


You were on level 11 of the Dungeon.
You worshipped Makhleb.
Makhleb was extremely pleased with you.
You were not hungry.

You visited 2 branches of the dungeon, and saw 12 of its levels.
You also visited: Bailey.

You collected 1504 gold pieces.
You spent 376 gold pieces at shops.

Inventory:

Hand Weapons
 a - a +0 war axe
 k - a +2 war axe of flaming
 F - the +5 spear "Killer Bee's Doom" {pierce, Int+3}
   (You found it on level 5 of the Dungeon)

   It inflicts extra damage upon your enemies.
   It affects your intelligence (+3).
 Q - the +5 whip of Mastery (weapon) {pain, +Fly rC+ Str+2}
   (You took it off a kobold in a bailey)

   In the hands of one skilled in necromantic magic, it inflicts extra damage on
   living creatures.
   It affects your strength (+2).
   It protects you from cold.
   It lets you fly.
Missiles
 P - 14 tomahawks of returning (quivered)
Armour
 c - a +0 shield (worn)
 x - a +0 chain mail
 J - the +7 chain mail of Lopaczoih (worn) {rC+ Str+4 Dex+3}
   (You bought it in a shop on level 7 of the Dungeon)

   It affects your strength (+4).
   It affects your dexterity (+3).
   It protects you from cold.
Jewellery
 i - an uncursed amulet of resist corrosion
 y - an amulet of faith (around neck)
 D - a +5 ring of dexterity
 I - an uncursed ring of stealth
 K - the ring "Yvuizekk" (right hand) {*Confuse rC+ Dex+3 Stlth+}
   (You found it on level 7 of the Dungeon)

   [ring of dexterity]

   It affects your dexterity (+3).
   It protects you from cold.
   It may confuse you when you take damage.
   It makes you more stealthy.
 O - an uncursed ring of wizardry
 S - a ring of teleportation (left hand)
Wands
 w - a wand of cold (9)
 z - a wand of random effects (17)
 M - a wand of heal wounds (8)
 R - a wand of random effects (36)
Scrolls
 f - a scroll of enchant armour {unknown}
 h - 3 scrolls of fog {unknown}
 l - 5 scrolls of amnesia
 m - 3 scrolls of recharging
 o - 3 scrolls of magic mapping
 p - 4 scrolls of blinking
 q - 2 scrolls of immolation
 s - a scroll of teleportation
 t - 4 scrolls of remove curse
 B - a scroll of enchant weapon {unknown}
 N - a scroll of silence {unknown}
 U - a scroll of identify
Potions
 d - 2 potions of curing
 g - a potion of magic
 j - a potion of haste
 A - a potion of lignification
 E - a potion of cure mutation {unknown}
 G - a potion of mutation {unknown}
 H - a potion of brilliance {unknown}
 L - 3 potions of flight {unknown}
 T - a potion of cancellation {unknown}
Books
 C - a book of Geomancy

   Spells                             Type                      Level
   a - Sandblast                      Earth                        1
   b - Stoneskin                      Transmutation/Earth          2
   c - Passwall                       Transmutation/Earth          3
   d - Stone Arrow                    Conjuration/Earth            3
   e - Petrify                        Transmutation/Earth          4
   f - Lee's Rapid Deconstruction     Earth                        5
Comestibles
 b - 3 beef jerkies
 e - 7 bread rations
 n - 11 meat rations
 r - 3 chunks of flesh
 u - 8 slices of pizza
 v - 2 fruits


   Skills:
 * Level 7.9 Fighting
 + Level 7.0(7.3) Axes
 * Level 2.9(5.3) Maces & Flails
 * Level 8.5 Armour
 - Level 1.0 Stealth
 * Level 9.2 Shields
 * Level 6.1 Invocations


You had 10 spell levels left.
You didn't know any spells.

Dungeon Overview and Level Annotations

Branches:
Dungeon (11/15)            Temple (1/1) D:5            Lair (0/8) D:8
    Orc: D:9-12

Altars:
Ashenzari
Cheibriados
Dithmenos
Elyvilon
Fedhas
Makhleb
Nemelex Xobeh
Qazlal
Ru
Vehumet
Zin
The Shining One

Shops:
D:7 ?*%[(


Innate Abilities, Weirdness & Mutations

You have a pair of large horns on your head.
You are surrounded by a mild repulsion field (EV +2).
You are completely covered in sharp spines.


Message History

A demon appears!
It doesn't seem very happy.
You feel somewhat more hungry.
The kobold drinks a potion.
The kobold seems to speed up.
You hit the balrug.
The balrug is lightly wounded.
A kobold comes into view.
The kobold shouts!
You hit the balrug but do no damage. Your headbutt misses the balrug.
The balrug is lightly wounded.
The balrug is struck by your spines.
The balrug hits you with a vampiric demon whip!
You are engulfed in flames!!
A kobold comes into view. It is wielding a whip.
The balrug gestures at you. The bolt of fire hits you!
* * * LOW HITPOINT WARNING * * *
The balrug gestures at you. The bolt of fire hits you!
You die...

+########
........#
........# .
...<...<# ...
........####.....
........@.2KK.K..
........####.K...
........# ...
+########


K You could see a balrug, a big kobold and 3 kobolds.

Vanquished Creatures
  Erica (D:9)
  The ghost of JudasIscariot the Shield-Bearer, a novice DsFi of Makhleb (D:9)
  Pikel (D:5)
  2 hill giants
  The ghost of septik the Twirler, a novice GrGl of Okawaru (D:5)
  7 yaks
  A human (D:8)
  Eustachio (D:6)
  A deep elf fighter (D:8)
  A wraith (D:10)
  A steam dragon (D:9)
  An eye of draining (D:10)
  3 ice beasts
  2 slaves (D:5)
  An ogre (D:7)
  3 phantoms
  A centaur (D:10)
  9 orc warriors
  3 crocodiles (D:8)
  7 giant frogs
  2 scorpions
  A wyvern skeleton (D:10)
  6 electric eels (D:10)
  5 killer bees (D:8)
  3 crimson imps (D:10)
  2 giant frog zombies (D:10)
  8 wights
  A centaur zombie (D:10)
  2 hounds
  3 jellies
  2 centaur skeletons
  A giant frog skeleton (D:6)
  5 orc priests
  8 worker ants
  A killer bee zombie (D:9)
  8 orc wizards
  An iguana (D:5)
  2 hound zombies
  A hound skeleton (D:4)
  A worker ant zombie (D:10)
  3 gnolls
  2 river rats (D:8)
  14 adders
  2 oozes
  2 worms
  6 giant geckos
  50 orcs
  2 ball pythons
  7 bats
  6 giant cockroaches
  9 goblins
  8 hobgoblins
  7 jackals
  8 kobolds
  4 quokkas
  8 giant newts
  14 rats
  4 fungi (D:8)
  A plant (D:8)
268 creatures vanquished.

Vanquished Creatures (others)
  An adder (D:10)
  A fungus (D:8)
  A plant (D:8)
3 creatures vanquished.

Grand Total: 271 creatures vanquished

Notes
Turn   | Place    | Note
--------------------------------------------------------------
     0 | D:1      | JudasIscariot the Demonspawn Fighter began the quest for the Orb.
     0 | D:1      | Reached XP level 1. HP: 18/18 MP: 1/1
   188 | D:1      | Gained mutation: You are partially covered in sharp spines. [demonic ancestry]
   188 | D:1      | Reached XP level 2. HP: 20/24 MP: 2/2
   848 | D:2      | Gained mutation: You are mostly covered in sharp spines. [demonic ancestry]
   848 | D:2      | Reached XP level 3. HP: 29/29 MP: 3/3
  1409 | D:3      | Reached XP level 4. HP: 35/35 MP: 4/4
  1816 | D:4      | Noticed a phantom
  1829 | D:4      | Killed a phantom
  1829 | D:4      | Reached XP level 5. HP: 21/42 MP: 5/5
  1859 | D:4      | Found a snail-covered altar of Cheibriados.
  1859 | D:4      | Found a glowing golden altar of the Shining One.
  1860 | D:4      | Found a shadowy altar of Dithmenos.
  1949 | D:4      | Reached skill level 4 in Armour
  2018 | D:4      | Gained mutation: You are surrounded by a mild repulsion field (EV +2). [demonic ancestry]
  2018 | D:4      | Reached XP level 6. HP: 48/48 MP: 6/6
  2182 | D:5      | Entered Level 5 of the Dungeon
  2253 | D:5      | Found a staircase to the Ecumenical Temple.
  2255 | D:5      | Noticed septik's ghost (novice GrGl)
  2270 | D:5      | Killed septik's ghost
  2270 | D:5      | Reached skill level 5 in Armour
  2270 | D:5      | Gained mutation: You have a pair of small horns on your head. [demonic ancestry]
  2270 | D:5      | Reached XP level 7. HP: 15/55 MP: 7/7
  2284 | Temple   | Entered the Ecumenical Temple
  2311 | Temple   | Became a worshipper of Makhleb the Destroyer
  2556 | D:5      | Reached skill level 5 in Shields
  2766 | D:5      | Got a faintly glowing spear
  2767 | D:5      | Identified the +5 spear "Killer Bee's Doom" {pierce, Int+3} (You found it on level 5 of the Dungeon)
  2856 | D:5      | Found a blossoming altar of Fedhas.
  2860 | D:5      | Noticed Pikel
  2871 | D:5      | Killed Pikel
  2871 | D:5      | Reached skill level 5 in Fighting
  2871 | D:5      | Reached skill level 6 in Armour
  2871 | D:5      | Gained mutation: You are completely covered in sharp spines. [demonic ancestry]
  2871 | D:5      | Reached XP level 8. HP: 28/62 MP: 8/8
  2898 | D:5      | Found a sacrificial altar of Ru.
  3143 | D:6      | Noticed Eustachio
  3151 | D:6      | Killed Eustachio
  3151 | D:6      | Reached skill level 1 in Stealth
  3425 | D:6      | Reached skill level 1 in Invocations
  3590 | D:6      | Reached * piety under Makhleb
  3964 | D:7      | Found Aqa Seni's Assorted Antiques.
  3967 | D:7      | Reached skill level 5 in Axes
  4025 | D:7      | Gained mutation: You have a pair of horns on your head. [demonic ancestry]
  4025 | D:7      | Reached XP level 9. HP: 57/69 MP: 10/10
  4098 | D:7      | Found Diremoam's Antique Armour Shop.
  4106 | D:7      | Bought a bloodstained chain mail for 313 gold pieces
  4116 | D:7      | Identified the +7 chain mail of Lopaczoih {rC+ Str+4 Dex+3} (You bought it in a shop on level 7 of the Dungeon)
  4128 | D:7      | Got a vibrating glass ring
  4129 | D:7      | Identified the ring "Yvuizekk" {*Confuse rC+ Dex+3 Stlth+} (You found it on level 7 of the Dungeon)
  4332 | D:7      | Found Busu's Magic Scroll Shop.
  4349 | D:7      | Bought a scroll of random uselessness for 16 gold pieces
  4349 | D:7      | Bought a scroll of identify for 32 gold pieces
  4516 | D:7      | Reached ** piety under Makhleb
  4592 | D:7      | Reached skill level 7 in Armour
  4701 | D:7      | Found Mefuseil's Food Shop.
  4714 | D:7      | Bought a beef jerky for 15 gold pieces
  4771 | D:7      | Found Hoebu's Weapon Emporium.
  4780 | D:7      | Noticed a hill giant
  4788 | D:7      | Killed a hill giant
  5039 | D:8      | Reached *** piety under Makhleb
  5264 | D:8      | Found a staircase to the Lair.
  5290 | D:8      | Gained mutation: You have a pair of large horns on your head. [demonic ancestry]
  5290 | D:8      | Reached XP level 10. HP: 77/77 MP: 13/13
  5294 | D:8      | Reached **** piety under Makhleb
  5478 | D:8      | Found a flagged portal.
  5520 | Bailey   | Entered a bailey
  5570 | Bailey   | Got a crystal whip {pain}
  5586 | Bailey   | Found a burning altar of Makhleb.
  5604 | Bailey   | Identified the +5 whip of Mastery {pain, +Fly rC+ Str+2} (You took it off a kobold in a bailey)
  6046 | D:9      | Reached ***** piety under Makhleb
  6126 | D:9      | Reached skill level 1 in Maces & Flails
  6183 | D:9      | Noticed Erica
  6192 | D:9      | Killed Erica
  6192 | D:9      | Reached skill level 8 in Shields
  6192 | D:9      | Reached skill level 5 in Invocations
  6307 | D:9      | Noticed JudasIscariot's ghost (novice DsFi)
  6329 | D:9      | Killed JudasIscariot's ghost
  6733 | D:10     | Entered Level 10 of the Dungeon
  7034 | D:10     | Noticed a hill giant
  7048 | D:10     | Killed a hill giant
  7113 | D:10     | Reached XP level 11. HP: 72/85 MP: 9/15
  7174 | D:10     | Reached skill level 9 in Shields
  7340 | D:10     | Reached ****** piety under Makhleb
  7778 | D:11     | Noticed a balrug
  7781 | D:11     | Killed from afar by a balrug

Action                   |  1- 3 |  4- 6 |  7- 9 | 10-12 || total
-------------------------+-------+-------+-------+-------++-------
Melee: War axe           |    54 |    83 |   154 |    46 ||   337
       Whip              |       |       |       |   219 ||   219
Invok: Minor Destruction |       |       |     1 |       ||     1
       Major Destruction |       |       |       |     1 ||     1
       Greater Servant o |       |       |       |     1 ||     1
  Use: Potion            |       |     1 |     4 |       ||     5
       Scroll            |       |       |     7 |     8 ||    15
  Eat: Chunk             |     2 |     2 |    10 |     9 ||    23
